 Dungeon Crawl Stone Soup version 0.25-a0-667-gb977e01cb5 (webtiles) character file.

Game seed: 2828674603821593120, levelgen mode: deterministic

32 Alarkh the Ruffian (level 3, 29/29 HPs)
             Began as a Demonspawn Fighter on Mar 27, 2020.
             Got out of the dungeon alive.
             The game lasted 00:01:09 (885 turns).

Alarkh the Ruffian (Demonspawn Fighter)              Turns: 885, Time: 00:01:09

Health: 29/29      AC:  7    Str: 16    XL:     3   Next: 8%
Magic:  3/3        EV:  8    Int: 10    God:
Gold:   19         SH:  8    Dex: 12    Spells: 2/2 levels left

rFire    . . .     SeeInvis .     - Unarmed
rCold    . . .     Gourm    .   b - +0 kite shield
rNeg     . . .     Faith    .   a - +0 scale mail
rPois    .         Spirit   .   f - +1 hat
rElec    .         Reflect  .   (no cloak)
rCorr    .         Harm     .   (no gloves)
MR       .....                  (no boots)
Stlth    ..........             (no amulet)
HPRegen  0.09/turn              (no ring)
MPRegen  0.08/turn              (no ring)

@: no status effects
A: talons 1, repulsion field 1
a: no special abilities


You escaped.
You were not hungry.

You visited 1 branch of the dungeon, and saw 2 of its levels.

You collected 19 gold pieces.

Inventory:

Armour
 a - a +0 scale mail (worn)
 b - a +0 kite shield (worn)
 f - a +1 hat (worn)
Scrolls
 e - 2 scrolls of identify {unknown}
Potions
 c - a potion of might
Comestibles
 d - 2 rations
 g - 4 chunks of flesh


   Skills:
 - Level 3.0 Fighting
 - Level 2.6 Armour
 - Level 2.6 Shields
 + Level 3.2 Unarmed Combat


You had 2 spell levels left.
You didn't know any spells.
Your spell library was empty.

Dungeon Overview and Level Annotations

Branches:
Dungeon (2/15)

Altars:


Innate Abilities, Weirdness & Mutations

You have sharp toenails.
You are surrounded by a mild repulsion field. (EV +2)


Message History

No target in view!
No target in view!
No target in view!
No target in view!
No target in view!
No target in view!
No target in view!
No target in view!
No target in view!
No target in view!
No target in view!
There is an open door here.
Some of the chunks of flesh in your inventory have rotted away.
There is a stone staircase leading up here.
You climb upwards.
There is a stone staircase leading down here.
Some of the chunks of flesh in your inventory have rotted away.
There is a staircase leading out of the dungeon here.
Are you sure you want to leave the Dungeon?
This will make you lose the game!
You have escaped!

.................................
........................#...#..##
....###########..############..#
...............................#
.....#####.#####.#####.#####...#
......###...###...###...###....#
..#....#.....#.....#.....#.....#
###.....#####.......#####......#
# #......###....@....###.......##
###.......#...........#.....#...#
.###.......#####.#####.....###..#
.# ##.......###...###.....####..#
.## ##.......#.....#.....#.......
..#####.#.....#####.....##^####..
......#.##.....###.....###.#.....
#..##.#.###.....#.....## #.#.##..
......#.# ##.........## #.#.###.


There were no monsters in sight!

Vanquished Creatures
  An ooze (D:1)
  A dart slug (D:1)
  A ball python (D:1)
  2 bats (D:1)
  2 giant cockroaches (D:2)
  6 goblins
  3 hobgoblins (D:1)
  4 kobolds
  4 rats (D:1)
24 creatures vanquished.

Notes
Turn   | Place    | Note
-------+----------+-------------------------------------------
     0 | D:1      | Alarkh the Demonspawn Fighter began the quest for the Orb.
     0 | D:1      | Reached XP level 1. HP: 18/18 MP: 1/1
   184 | D:1      | Gained mutation: You are surrounded by a mild repulsion
                  | field. (EV +2) [demonic ancestry]
   184 | D:1      | Reached XP level 2. HP: 1/24 MP: 2/2
   808 | D:2      | Noticed a -3 dagger
   809 | D:2      | Noticed a +0 hand axe
   831 | D:2      | Gained mutation: You have sharp toenails. [demonic
                  | ancestry]
   831 | D:2      | Reached XP level 3. HP: 29/29 MP: 3/3
   885 | D:$      | Got out of the dungeon alive.

Levels and vault maps discovered:
D:1:      onia_arrival_pyramid, layout_basic, minmay_pentomino_v2
D:2:      layout_basic, dancing_weapons_uskayaw, first_ration, uniq_terence,
          uniq_sigmund

Skill      XL: |  1  2 |
---------------+-------+-----
Unarmed Combat | 2 3 |  3.2
Fighting       | |  3.0
Armour         | |  2.6
Shields        | |  2.6

Action                   || total
-------------------------++-------
Melee: Unarmed           ||   133
       Kick              ||     1
Armor: Scale mail        ||    60
Dodge: Dodged            ||    48
Block: Kite shield       ||    75

Table legend:
 A = Non-vault XP
 B = Vault XP
 C = Vault XP percentage of total XP
 D = Non-vault monster count
 E = Vault monster count
 F = Vault count percentage of total count
                 A         B        C        D         E       F
            +---------+---------+-------+---------+---------+-------
      Total |      43 |       3 |   6.5 |      22 |       2 |   8.3
            +---------+---------+-------+---------+---------+-------
        D:1 |      36 |       3 |   7.7 |      18 |       2 |  10.0
        D:2 |       7 |       0 |   0.0 |       4 |       0 |   0.0
            +---------+---------+-------+---------+---------+-------
